General information
- name: BNet
- type: Ladder team game (AT/RT)
- host: Battle.net
- saver: SkullFvcker!
map: Battleground
- players: 8
- length: 26:50
- speed: Fast
- version: 1.28 W3XP
- replay type: Public
» download(256 KB)
Players
team 1 (winner)

»
BoojiBoy (
green | 49 APM | 688 actions | 13:58)
3 Keeper of the Grove
2 Thorns Aura
1 Entangling Roots
2 Paladin
2 Holy Light
1 Priestess of the Moon
1 Trueshot Aura
» actions
| Assign group hotkey | 10 | |
| Basic commands | 30 | |
| Build / train | 84 | |
| Enter build submenu | 33 | |
| Enter hero's abilities submenu | 5 | |
| Remove unit from queue | 5 | |
| Right click | 106 | |
| Select / deselect | 285 | |
| Select group hotkey | 82 | |
| Use ability | 48 | |
688 total
» units
| Wisp | 24 | |
| Archer | 6 | |
| Huntress | 3 | |
| Peasant | 6 | |
| Footman | 5 | |
| Dryad | 1 | |
45 total
» upgrades
| Ultravision | 1 | |
| Backpack | 1 | |
| Strength of the Moon | 2 | |
| Moon Armor | 2 | |
| Masonry | 2 | |
| Nature's Blessing | 1 | |
| Improved Bows | 1 | |
| Sentinel | 1 | |
| Lumber Harvesting | 1 | |
| Defend | 0 | |
| Abolish Magic | 1 | |
| Hippogryph Taming | 1 | |
| Druid of the Talon Training | 1 | |
| Reinforced Hides | 1 | |
| Strength of the Wild | 1 | |
| Priest Training | 1 | |
| Magic Sentry | 1 | |
19 total
» buildings
| Moon Well | 5 | |
| Tree of Life | 1 | |
| Altar of Elders | 1 | |
| Ancient of War | 1 | |
| Hunter's Hall | 1 | |
| Ancient of Wonders | 2 | |
| Ancient Protector | 3 | |
| Altar of Kings | 1 | |
| Farm | 6 | |
| Lumber Mill | 1 | |
| Tree of Ages | 1 | |
| Keep | 1 | |
| Arcane Vault | 1 | |
| Barracks | 2 | |
| Ancient of Lore | 1 | |
| Ancient of Wind | 1 | |
| Arcane Sanctum | 2 | |
| Tree of Eternity | 2 | |
| Castle | 1 | |
34 total
» build order
01:19 Moon Well
01:39 Tree of Life
01:45 Altar of Elders
02:08 Moon Well
02:42 Ancient of War
03:14 Hunter's Hall
03:22 Ancient of Wonders
04:04 Ancient of Wonders
04:28 Ancient Protector
04:41 Ancient Protector
05:55 Moon Well
05:57 Moon Well
06:07 Moon Well
06:26 Altar of Kings
06:28 Farm
06:28 Farm
06:29 Farm
06:38 Lumber Mill
06:47 Tree of Ages
08:14 Keep
08:17 Arcane Vault
08:56 Barracks
08:59 Barracks
09:45 Ancient of Lore
09:50 Ancient of Wind
10:17 Ancient Protector
11:57 Arcane Sanctum
11:58 Arcane Sanctum
12:25 Farm
12:27 Farm
12:28 Farm
12:39 Tree of Eternity
12:39 Tree of Eternity
12:48 Castle
WearYouDown (
orange | 83 APM | 2241 actions | 26:50)
4 Archmage
2 Summon Water Elemental
2 Brilliance Aura
2 Mountain King
1 Storm Bolt
1 Bash
» actions
| Assign group hotkey | 76 | |
| Basic commands | 76 | |
| Build / train | 136 | |
| ESC pressed | 15 | |
| Enter build submenu | 68 | |
| Enter hero's abilities submenu | 6 | |
| Give item / drop item | 4 | |
| Right click | 703 | |
| Select / deselect | 445 | |
| Select group hotkey | 486 | |
| Use ability | 226 | |
2241 total
» units
| Peasant | 13 | |
| Footman | 4 | |
| Rifleman | 17 | |
| Wisp | 16 | |
50 total
» upgrades
| Gunpowder | 3 | |
| Long Rifles | 2 | |
| Armor | 3 | |
| Masonry | 3 | |
| Spiked Barricades | 1 | |
| Reinforced Defenses | 1 | |
| Well Spring | 1 | |
14 total
» buildings
| Altar of Kings | 1 | |
| Farm | 10 | |
| Barracks | 1 | |
| Lumber Mill | 1 | |
| Arcane Vault | 1 | |
| Blacksmith | 1 | |
| Keep | 2 | |
| Castle | 1 | |
| Town Hall | 1 | |
| Scout Tower | 24 | |
| Guard Tower | 30 | |
| Ancient Protector | 18 | |
| Watch Tower | 8 | |
99 total
» build order
00:34 Altar of Kings
00:35 Farm
00:49 Barracks
01:03 Farm
01:42 Farm
01:55 Farm
02:01 Lumber Mill
02:26 Arcane Vault
02:56 Blacksmith
03:56 Keep
03:56 Keep
05:47 Farm
05:49 Farm
05:51 Farm
07:48 Castle
08:08 Town Hall
08:12 Scout Tower
08:14 Scout Tower
08:46 Guard Tower
08:46 Guard Tower
08:46 Guard Tower
08:47 Guard Tower
08:59 Scout Tower
09:00 Scout Tower
09:12 Scout Tower
09:33 Guard Tower
09:33 Guard Tower
09:54 Guard Tower
09:54 Guard Tower
10:10 Scout Tower
10:15 Scout Tower
11:59 Scout Tower
12:00 Scout Tower
13:37 Guard Tower
13:37 Guard Tower
14:07 Scout Tower
14:08 Scout Tower
14:08 Scout Tower
14:09 Scout Tower
14:12 Scout Tower
14:13 Scout Tower
14:20 Ancient Protector
14:21 Ancient Protector
14:22 Ancient Protector
14:23 Ancient Protector
14:25 Ancient Protector
14:29 Watch Tower
14:30 Watch Tower
14:30 Watch Tower
14:37 Watch Tower
14:38 Watch Tower
14:43 Guard Tower
14:43 Guard Tower
14:45 Guard Tower
14:45 Guard Tower
14:46 Guard Tower
14:46 Guard Tower
14:48 Scout Tower
14:49 Guard Tower
14:49 Guard Tower
14:50 Scout Tower
14:53 Scout Tower
14:55 Scout Tower
14:59 Guard Tower
14:59 Guard Tower
15:52 Guard Tower
15:52 Guard Tower
15:57 Watch Tower
16:02 Watch Tower
16:05 Watch Tower
16:09 Ancient Protector
16:11 Ancient Protector
16:15 Ancient Protector
16:18 Ancient Protector
16:20 Ancient Protector
16:27 Scout Tower
16:29 Scout Tower
17:17 Guard Tower
17:30 Farm
17:31 Farm
17:46 Ancient Protector
17:48 Ancient Protector
17:50 Ancient Protector
17:54 Ancient Protector
17:55 Ancient Protector
18:05 Ancient Protector
18:14 Scout Tower
18:15 Scout Tower
18:19 Farm
18:32 Ancient Protector
18:36 Ancient Protector
18:49 Scout Tower
18:51 Guard Tower
18:51 Guard Tower
18:55 Guard Tower
18:55 Guard Tower
18:55 Guard Tower
19:46 Guard Tower
19:46 Guard Tower
» items
| Scroll of Regeneration | 6 | |
| Mechanical Critter | 3 | |
| Scroll of Town Portal | 1 | |
| Staff of Sanctuary | 1 | |
| Boots of Speed | 1 | |
12 total

»
sulidor (
purple | 103 APM | 1398 actions | 13:32)
2 Blademaster
1 Wind Walk
1 Critical Strike
2 Shadow Hunter
1 Healing Wave
1 Hex
» actions
| Assign group hotkey | 9 | |
| Basic commands | 36 | |
| Build / train | 32 | |
| Enter build submenu | 13 | |
| Enter hero's abilities submenu | 4 | |
| Give item / drop item | 4 | |
| Right click | 696 | |
| Select / deselect | 416 | |
| Select group hotkey | 144 | |
| Use ability | 44 | |
1398 total
» units
| Peon | 7 | |
| Wind Rider | 5 | |
| Raider | 2 | |
| Kodo Beast | 1 | |
15 total
» upgrades
» buildings
| Altar of Storms | 1 | |
| Orc Burrow | 5 | |
| Voodoo Lounge | 1 | |
| Stronghold | 1 | |
| War Mill | 1 | |
| Beastiary | 2 | |
| Watch Tower | 2 | |
| Fortress | 1 | |
14 total
» build order
00:11 Altar of Storms
00:23 Orc Burrow
00:38 Voodoo Lounge
02:30 Stronghold
02:36 War Mill
02:55 Orc Burrow
03:48 Orc Burrow
05:01 Beastiary
05:03 Beastiary
05:56 Orc Burrow
08:17 Orc Burrow
12:16 Watch Tower
12:19 Fortress
12:25 Watch Tower
» items
| Healing Salve | 1 | |
| Lesser Clarity Potion | 2 | |
| Circlet of Nobility | 1 | |
| Boots of Speed | 1 | |
| Staff of Teleportation | 1 | |
6 total
TryT0wers (
red | 0 APM | 3 actions | 06:10)
» actions
| Enter build submenu | 1 | |
| Right click | 1 | |
| Select / deselect | 1 | |
3 total
team 2 (loser)

»
1488.HH (
yellow | 142 APM | 2785 actions | 19:36)
6 Priestess of the Moon
3 Trueshot Aura
2 Searing Arrows
1 Starfall
5 Keeper of the Grove
3 Entangling Roots
2 Thorns Aura
» actions
| Assign group hotkey | 99 | |
| Basic commands | 98 | |
| Build / train | 76 | |
| ESC pressed | 1 | |
| Enter build submenu | 19 | |
| Enter hero's abilities submenu | 11 | |
| Give item / drop item | 6 | |
| Remove unit from queue | 1 | |
| Right click | 919 | |
| Select / deselect | 541 | |
| Select group hotkey | 884 | |
| Use ability | 130 | |
2785 total
» units
| Wisp | 20 | |
| Archer | 4 | |
| Dryad | 7 | |
| Druid of the Claw | 4 | |
| Chimaera | 1 | |
36 total
» upgrades
| Druid of the Claw Training | 2 | |
| Abolish Magic | 1 | |
| Reinforced Hides | 1 | |
| Mark of the Claw | 1 | |
| Strength of the Wild | 3 | |
8 total
» buildings
| Altar of Elders | 1 | |
| Moon Well | 9 | |
| Ancient of War | 1 | |
| Tree of Ages | 2 | |
| Hunter's Hall | 1 | |
| Ancient of Lore | 2 | |
| Tree of Eternity | 1 | |
| Tree of Life | 2 | |
| Ancient of Wind | 2 | |
| Chimaera Roost | 1 | |
22 total
» build order
00:07 Altar of Elders
00:17 Moon Well
00:36 Ancient of War
01:26 Moon Well
02:28 Tree of Ages
02:29 Tree of Ages
03:03 Moon Well
03:13 Moon Well
03:57 Moon Well
04:12 Hunter's Hall
05:20 Ancient of Lore
05:21 Ancient of Lore
05:56 Tree of Eternity
09:50 Moon Well
09:50 Moon Well
11:35 Tree of Life
12:10 Ancient of Wind
14:31 Chimaera Roost
17:53 Tree of Life
18:00 Moon Well
18:01 Moon Well
18:02 Ancient of Wind
» items
| Dust of Appearance | 1 | |
| Scroll of Healing | 4 | |
5 total
SkullFvcker! (
blue | 85 APM | 2286 actions | 26:50)
6 Archmage
3 Summon Water Elemental
2 Brilliance Aura
1 Mass Teleport
» actions
| Assign group hotkey | 39 | |
| Basic commands | 161 | |
| Build / train | 81 | |
| Enter build submenu | 48 | |
| Enter hero's abilities submenu | 6 | |
| Give item / drop item | 7 | |
| Remove unit from queue | 1 | |
| Right click | 765 | |
| Select / deselect | 466 | |
| Select group hotkey | 587 | |
| Use ability | 125 | |
2286 total
» units
| Peasant | 17 | |
| Footman | 5 | |
| Dragonhawk Rider | 8 | |
| Gryphon Rider | 5 | |
35 total
» upgrades
| Lumber Harvesting | 2 | |
| Masonry | 3 | |
| Swords | 3 | |
| Armor | 3 | |
| Animal War Training | 1 | |
| Storm Hammers | 1 | |
| Cloud | 1 | |
14 total
» buildings
| Altar of Kings | 1 | |
| Barracks | 1 | |
| Farm | 10 | |
| Arcane Vault | 2 | |
| Keep | 1 | |
| Lumber Mill | 1 | |
| Scout Tower | 26 | |
| Arcane Tower | 3 | |
| Gryphon Aviary | 4 | |
| Town Hall | 2 | |
| Guard Tower | 7 | |
| Castle | 1 | |
| Blacksmith | 2 | |
61 total
» build order
00:48 Altar of Kings
00:52 Barracks
00:56 Farm
00:59 Farm
01:03 Farm
01:39 Farm
02:37 Arcane Vault
03:50 Keep
04:13 Lumber Mill
04:47 Scout Tower
05:02 Scout Tower
05:13 Arcane Tower
05:38 Arcane Tower
06:36 Gryphon Aviary
06:36 Gryphon Aviary
07:58 Town Hall
08:00 Scout Tower
08:01 Scout Tower
08:01 Scout Tower
08:02 Scout Tower
08:06 Scout Tower
08:46 Guard Tower
08:47 Guard Tower
08:48 Guard Tower
09:00 Farm
09:01 Farm
09:03 Farm
09:45 Arcane Tower
09:46 Scout Tower
09:49 Scout Tower
09:51 Scout Tower
09:52 Scout Tower
10:22 Guard Tower
10:34 Arcane Vault
10:37 Guard Tower
12:21 Castle
12:25 Scout Tower
12:25 Scout Tower
12:26 Scout Tower
12:31 Scout Tower
12:31 Scout Tower
12:35 Scout Tower
12:35 Scout Tower
12:36 Scout Tower
12:44 Blacksmith
12:47 Blacksmith
14:17 Gryphon Aviary
14:17 Gryphon Aviary
14:20 Scout Tower
14:20 Scout Tower
14:21 Scout Tower
14:25 Guard Tower
15:36 Guard Tower
15:54 Farm
15:55 Farm
15:57 Farm
21:04 Town Hall
21:40 Scout Tower
21:40 Scout Tower
21:41 Scout Tower
21:41 Scout Tower
» items
| Scroll of Regeneration | 2 | |
| Periapt of Vitality | 1 | |
| Potion of Lesser Invulnerability | 2 | |
| Scroll of Protection | 1 | |
| Potion of Healing | 1 | |
| Scroll of Town Portal | 2 | |
| Staff of Sanctuary | 1 | |
| Potion of Invisibility | 1 | |
| Tiny Great Hall | 1 | |
12 total

»
01dsk1h011yw00d (
teal | 51 APM | 1220 actions | 23:57)
7 Far Seer
3 Feral Spirit
3 Chain Lighting
1 Earth Quake
» actions
| Assign group hotkey | 33 | |
| Build / train | 56 | |
| Enter build submenu | 14 | |
| Enter hero's abilities submenu | 7 | |
| Remove unit from queue | 1 | |
| Right click | 424 | |
| Select / deselect | 254 | |
| Select group hotkey | 378 | |
| Use ability | 53 | |
1220 total
» units
| Peon | 9 | |
| Grunt | 8 | |
| Forest Troll Shadow Priest | 1 | |
| Wind Rider | 8 | |
| Demolisher | 1 | |
27 total
» upgrades
| Armor | 3 | |
| Melee Weapons | 1 | |
| Berserker Strength | 1 | |
| Ranged Weapons | 3 | |
| Envenomed Spears | 1 | |
| Burning Oil | 1 | |
10 total
» buildings
| Altar of Storms | 1 | |
| Barracks | 2 | |
| Orc Burrow | 6 | |
| Voodoo Lounge | 1 | |
| War Mill | 1 | |
| Stronghold | 1 | |
| Fortress | 1 | |
| Beastiary | 3 | |
16 total
» build order
00:07 Altar of Storms
00:10 Barracks
00:36 Orc Burrow
01:44 Orc Burrow
02:22 Voodoo Lounge
02:35 War Mill
03:28 Orc Burrow
04:21 Stronghold
09:33 Fortress
09:36 Beastiary
09:37 Beastiary
09:38 Beastiary
12:46 Orc Burrow
12:48 Orc Burrow
12:53 Orc Burrow
20:28 Barracks
» items
| Healing Salve | 3 | |
| Lesser Clarity Potion | 3 | |
| Potion of Mana | 1 | |
| Potion of Healing | 1 | |
8 total

»
TheDylz (
pink | 74 APM | 1948 actions | 26:27)
7 Tauren Chieftain
3 War Stomp
3 Endurance Aura
1 Reincarnation
» actions
| Assign group hotkey | 27 | |
| Basic commands | 173 | |
| Build / train | 73 | |
| Enter build submenu | 24 | |
| Enter hero's abilities submenu | 7 | |
| Remove unit from queue | 3 | |
| Right click | 784 | |
| Select / deselect | 280 | |
| Select group hotkey | 509 | |
| Use ability | 68 | |
1948 total
» units
| Peon | 11 | |
| Grunt | 8 | |
| Shaman | 3 | |
| Troll Witch Doctor | 3 | |
| Raider | 9 | |
| Tauren | 4 | |
| Troll Batrider | 3 | |
41 total
» upgrades
| Berserker Strength | 1 | |
| Spiked Barricades | 1 | |
| Shaman Training | 2 | |
| Witch Doctor Training | 2 | |
| Ensnare | 1 | |
| Armor | 1 | |
| Pillage | 1 | |
| Pulverize | 1 | |
10 total
» buildings
| Altar of Storms | 1 | |
| Orc Burrow | 10 | |
| Barracks | 1 | |
| War Mill | 1 | |
| Voodoo Lounge | 1 | |
| Stronghold | 1 | |
| Watch Tower | 2 | |
| Spirit Lodge | 2 | |
| Fortress | 1 | |
| Beastiary | 1 | |
| Tauren Totem | 1 | |
22 total
» build order
00:44 Altar of Storms
00:52 Orc Burrow
01:23 Barracks
02:11 Orc Burrow
02:40 War Mill
03:33 Voodoo Lounge
04:19 Stronghold
04:24 Watch Tower
05:08 Orc Burrow
06:46 Spirit Lodge
06:49 Spirit Lodge
06:52 Fortress
07:05 Orc Burrow
10:23 Beastiary
10:26 Watch Tower
11:54 Orc Burrow
14:38 Orc Burrow
14:40 Orc Burrow
14:46 Tauren Totem
18:05 Orc Burrow
18:06 Orc Burrow
21:09 Orc Burrow
» items
| Healing Salve | 2 | |
| Lesser Clarity Potion | 2 | |
| Scroll of Speed | 2 | |
| Orb of Lightning | 1 | |
| Boots of Speed | 1 | |
8 total
Chat log
(00:04 / Allies) 1488.HH: get middle asap
(00:31 / Allies) TheDylz: hey sorry
(00:47 / All) 1488.HH: ty
(01:47 / Allies) 1488.HH: get mid asap
(04:14 / Allies) TheDylz: blue bm probabaly coming to scout u
(06:20 / All) 1488.HH: nubs
(12:30 / Allies) TheDylz: ?
(14:13 / Allies) SkullFvcker!: lumber pelase
(14:42 / Allies) SkullFvcker!: lumber plz
(14:53 / Allies) 1488.HH: did
(14:55 / Allies) 1488.HH: u fuckign sell
(14:56 / Allies) 1488.HH: both ur claws?
(15:01 / Allies) SkullFvcker!: needed gold at time
(15:07 / Allies) 1488.HH: fucking noob
(15:10 / Allies) 1488.HH: fuck u
(15:16 / All) SkullFvcker!: yellow just tked?
(15:23 / Allies) 1488.HH: u sold claws
(15:27 / Allies) 1488.HH: u deserve
(15:27 / Allies) SkullFvcker!: guys yellow just killed my hero
(15:28 / Allies) 1488.HH: nothing more
(15:30 / Allies) 1488.HH: than death
(16:05 / Allies) SkullFvcker!: hook me up with lumber teal
(22:26 / All) WearYouDown: wtf worst time to levae my base
(22:36 / All) 01dsk1h011yw00d: ur base is fucked homie
(22:46 / All) WearYouDown: you're fucked
(22:57 / All) 01dsk1h011yw00d: nice blue....
(23:18 / All) 01dsk1h011yw00d: ¿
(23:29 / Allies) TheDylz: WTF NIGGER WHY U TK
(23:33 / Allies) TheDylz: U SOME XP WHORE
(24:14 / All) SkullFvcker!: Lol, yellow tking my hero over selling claws was great cover!
(24:59 / All) SkullFvcker!: he's getting bats
(25:00 / All) SkullFvcker!: lol
(25:09 / All) SkullFvcker!: I got a hall for you
(26:07 / All) WearYouDown: ty
(26:21 / All) TheDylz: lol u guys suk
(26:24 / All) TheDylz: waste of time
(26:29 / All) WearYouDown: lol
(26:31 / All) SkullFvcker!: yellow lose
(26:34 / All) WearYouDown: surprised this went so smooth
(26:40 / All) SkullFvcker!: yellow helped lol